 Dungeon Crawl Stone Soup version 0.27-b1-41-gafb5482f4b (webtiles) character file.

Game seed: 3733031787641792362

81 seveneves the Shield-Bearer (level 4, -2/40 HPs)
             Began as a Minotaur Fighter on July 28, 2021.
             Slain by a water moccasin (6 damage)
             ... on level 3 of the Dungeon.
             The game lasted 00:06:16 (1753 turns).

seveneves the Shield-Bearer (Minotaur Fighter)      Turns: 1753, Time: 00:06:17

Health: -2/40      AC:  8    Str: 22    XL:     4   Next: 20%
Magic:  12/12      EV:  7    Int:  5    God:
Gold:   55         SH:  9    Dex:  9    Spells: 3/3 levels left

rFire    . . .     SeeInvis .   f - +3 dagger
rCold    . . .     Faith    .   c - +0 kite shield
rNeg     . . .     Spirit   .   b - +0 scale mail
rPois    .         Reflect  .   (helmet restricted)
rElec    .         Harm     .   (no cloak)
rCorr    .         Rampage  .   (no gloves)
Will     .....                  k - +0 pair of boots
Stlth    ..........             (no amulet)
HPRegen  0.13/turn              h - ring of magical power
MPRegen  0.13/turn              i - ring of wizardry

@: lethally poisoned (-2 -> -10)
A: horns 2, retaliatory headbutt
a: no special abilities


You were on level 3 of the Dungeon.
You visited 1 branch of the dungeon, and saw 3 of its levels.

You collected 55 gold pieces.

Inventory:

Hand Weapons
 a - a +0 long sword
 f - a +3 dagger (weapon)
Armour
 b - a +0 scale mail (worn)
 c - a +0 kite shield (worn)
 k - a +0 pair of boots (worn)
Jewellery
 h - a ring of magical power (left hand)
 i - a ring of wizardry (right hand)
Scrolls
 e - a scroll of identify {unknown}
Potions
 d - a potion of might
 g - a potion of flight
 j - a potion of cancellation


   Skills:
 + Level 4.1 Fighting
 + Level 1.2(2.1) Short Blades
 + Level 2.9(3.1) Long Blades
 + Level 4.1 Armour
 + Level 0.4 Dodging
 + Level 4.8 Shields


You had 3 spell levels left.
You didn't know any spells.
Your spell library was empty.

Dungeon Overview and Level Annotations

Branches:
Dungeon (3/15)

Altars:
Xom


Innate Abilities, Weirdness & Mutations

You have a pair of horns on your head.
You reflexively headbutt those who attack you in melee.


Message History

A dart slug comes into view.
You block the water moccasin's attack.
You completely miss the water moccasin. You headbutt the water moccasin.
The water moccasin is lightly wounded.
You block the water moccasin's attack. The water moccasin bites you.
You are poisoned.
The water moccasin poisons you!
You miss the water moccasin.
Your headbutt misses the water moccasin.
The water moccasin is lightly wounded.
You feel very sick. You block the water moccasin's attack.
You feel sick. You block the water moccasin's attack.
The water moccasin completely misses you.
You completely miss the water moccasin.
The water moccasin is lightly wounded.
You feel sick. The water moccasin bites you.
You are more poisoned.
The water moccasin poisons you!
You hit the water moccasin.
Your headbutt misses the water moccasin.
The water moccasin is moderately wounded.
You feel very sick.
The water moccasin bites you but does no damage.
The water moccasin bites you.
You feel very sick.
You closely miss the water moccasin.
The water moccasin is moderately wounded.
* * * LOW HITPOINT WARNING * * *
You feel very sick. The water moccasin barely misses you.
The water moccasin bites you but does no damage.
The dart slug launches a dart at you. The slug dart hits you.
* * * LOW HITPOINT WARNING * * *
It was a potion of cancellation.
You feel magically purged.
* * * LOW HITPOINT WARNING * * *
You feel very sick. The water moccasin bites you.
You die...

≈#≈$≈≈.)!≈≈..≈≈≈## #...
≈≈≈≈≈≈≈≈≈≈≈≈≈≈≈≈### #...
≈≈w≈≈≈≈≈≈≈≈≈≈≈≈#..#####.
.≈≈≈≈≈≈≈≈≈≈≈≈≈.#..#.....
#≈≈≈≈≈#≈≈≈≈≈≈≈#†..#.###.
#≈≈≈≈≈≈≈≈≈≈≈##...# ###.
#.≈≈≈≈≈≈≈.###..)#.##..
#.##≈rS≈≈##.##........_
..####@####.##...#..#..
#.# #.# #.......#..##.
#######.#
#.###.......#.....
........#
#...........#.....
........#
##.....##...#####.
.......†# #.............
.. ........#
#.....(....######
........### #..........#
#... ..........#
#...##.....# #.##


You could see a water moccasin, a dart slug and a rat.

Vanquished Creatures
  An adder (D:2)
  2 worms (D:2)
  4 dart slugs
  7 ball pythons
  2 bats
  8 endoplasms
  2 giant cockroaches
  2 goblins
  5 hobgoblins
  8 jackals
  4 kobolds
  A quokka (D:1)
  2 frilled lizards
  2 rats (D:1)
50 creatures vanquished.

Notes
Turn   | Place    | Note
-------+----------+-------------------------------------------
     0 | D:1      | seveneves the Minotaur Fighter began the quest for the Orb.
     0 | D:1      | Reached XP level 1. HP: 19/19 MP: 0/0
   130 | D:1      | Reached XP level 2. HP: 20/27 MP: 1/1
   171 | D:1      | Found a faded altar of an unknown god.
   282 | D:1      | You fall into a shaft and drop 1 floor!
   489 | D:2      | Reached XP level 3. HP: 24/33 MP: 2/2
  1116 | D:2      | Reached skill level 1 in Short Blades
  1367 | D:3      | Reached XP level 4. HP: 40/40 MP: 3/3
  1594 | D:3      | Found a shimmering altar of Xom.
  1744 | D:3      | Noticed a water moccasin
  1753 | D:3      | Slain by a water moccasin

Illustrated notes

Levels and vault maps discovered:
D:1:      minmay_arrival_arboretum_small, layout_rooms,
          ebering_ecumenical_altar_abandoned
D:2:      layout_loops_ring
D:3:      kennysheep_slugbush, layout_basic, bloody_trog,
          nicolae_overflow_crystal_walls

Skill      XL: |  1  2  3 |
---------------+----------+-----
Shields        | 4 |  4.8
Armour         | 4 |  4.1
Fighting       | 4 |  4.1
Short Blades   | 1 |  1.2
Long Blades    | |  2.9
Dodging        | |  0.4

Action                   |  1- 3 |  4- 6 || total
-------------------------+-------+-------++-------
Melee: Long sword        |    26 |       ||    26
       Dagger            |    52 |    25 ||    77
       Headbutt          |    15 |     5 ||    20
  Use: Potion            |     2 |     1 ||     3
Armor: Scale mail        |    41 |     6 ||    47
Dodge: Dodged            |    31 |     8 ||    39
Block: Kite shield       |    56 |    11 ||    67
       Rpst.: Long sword |     7 |       ||     7
